Canucks vs Blues (R2)

Created - October 30, 2017 at 19:01

Goals
1 2 3 T
Canucks 0 1 4 5
Blues 0 1 2 3
Shots
1 2 3 T
Canucks 6 6 13 25
Blues 11 13 9 33

1st period

No Goal

Penalties :
Maxim Afinogenov (Van) for Hooking (Minor) at 2:37, Jake Gardiner (STL) for Tripping (Minor) at 4:04, Mike Ribeiro (Van) for Interference (Minor) at 4:27, Clarke MacArthur (Van) for Hooking (Minor) at 9:45, Mike Ribeiro (Van) for Tripping (Minor) at 16:27

2nd period

1. Blues , Loui Eriksson 2 (Drew Stafford 2, Tomas Plekanec 3) at 13:19
2. Canucks , Nik Antropov 2 (Ryan Hollweg 1) at 15:53

Penalties :
Milan Michalek (Van) for Hooking (Minor) at 0:15, Blake Wheeler (STL) for Elbowing (Minor) at 13:30, Travis Zajac (STL) for Hooking (Minor) at 19:32

3rd period

3. Canucks , Alex Goligoski 1 (Mike Ribeiro 7, Jiri Hudler 4) at 0:26 (PP)
4. Blues , Frans Nielsen 3 (Jake Gardiner 6, Tomas Plekanec 4) at 4:23
5. Blues , David Perron 5 (Travis Zajac 5) at 5:00
6. Canucks , Alex Goligoski 2 (Ben Lovejoy 4) at 8:10
7. Canucks , Mike Ribeiro 5 (Jiri Hudler 5) at 8:54 (PP)
8. Canucks , Ryan Hollweg 1 (Patrik Elias 1, Lasse Kukkonen 3) at 12:59

Penalties :
Nicklas Backstrom (STL) for High sticking (Minor) at 8:13, Ryan Hollweg (Van) for Hooking (Minor) at 10:55, Maxim Afinogenov (Van) for Hooking (Minor) at 15:20

Goalie Stats

Carey Price (Van), 30 saves from 33 shots - (0.909), W, 4-4-0, 60:00 minutes
Tuukka Rask (STL), 20 saves from 25 shots - (0.800), L, 4-4-0, 60:00 minutes

Players Stats for Canucks

Player Name              G  A  P  +/- PIM S  H  SB GA TA FO     MP     PP MP  PK MP  
------------------------------------------------------------------------------------
Alex Goligoski           2  0  2   2  0   7  4  2  1  0  0/0    31:25   2:25   6:33 
Ben Lovejoy              0  1  1   2  0   1  3  3  0  1  0/0    31:25   2:25   6:33 
Clarke MacArthur         0  0  0  -1  2   3  0  0  0  0  0/0    14:52   1:10   1:08 
Jamie McBain             0  0  0  -1  0   0  1  1  1  2  0/0    19:37   1:09   5:21 
Jiri Hudler              0  2  2  -1  0   0  2  0  0  0  0/0    14:05   2:24   0:00 
Lasse Kukkonen           0  1  1  -1  0   2  0  0  0  0  0/0    15:19   1:09   5:21 
Matt Stajan              0  0  0  -1  0   2  2  0  0  0  4/6    21:00   1:10   6:43 
Maxim Afinogenov         0  0  0   0  4   0  0  0  0  0  0/1    15:41   1:10   0:00 
Maxim Lapierre           0  0  0  -1  0   1  0  0  1  0  2/2     7:33   0:00   0:49 
Mike Ribeiro             1  1  2   0  4   4  0  1  0  1  20/37  22:43   2:24   5:25 
Milan Michalek           0  0  0   0  2   2  1  0  0  0  6/8    19:27   2:24   3:10 
Nik Antropov             1  0  1   2  0   1  2  0  0  1  1/4    14:03   0:00   3:41 
Nikolai Zherdev          0  0  0  -1  0   0  0  1  0  0  0/0     6:14   0:00   0:00 
Patrik Elias             0  1  1  -1  0   0  1  0  0  0  0/4    10:06   0:00   2:36 
Rene Bourque             0  0  0   2  0   0  0  0  0  0  0/3    10:02   0:00   0:00 
Ryan Hollweg             1  1  2   2  2   1  2  0  0  1  0/0    10:14   0:00   0:07 
Sami Lepisto             0  0  0  -1  0   1  0  0  0  0  0/0     8:58   0:00   0:00 
Tom Poti                 0  0  0  -1  0   0  0  0  0  0  0/0    13:16   0:00   0:00 

Players Stats for Blues

Player Name              G  A  P  +/- PIM S  H  SB GA TA FO     MP     PP MP  PK MP  
------------------------------------------------------------------------------------
Alex Pietrangelo         0  0  0  -2  0   7  1  2  1  0  0/0    25:03   5:50   0:00 
Blake Wheeler            0  0  0  -1  2   1  0  0  0  0  0/0    19:21   4:52   1:24 
Bryce Lampman            0  0  0  -2  0   2  1  3  0  0  0/0    22:16   0:23   2:51 
Cody Franson             0  0  0   0  0   1  1  1  0  0  0/0    17:34   5:32   0:43 
David Perron             1  0  1   1  0   2  1  0  0  0  0/0    17:37   5:02   0:00 
Drew Fata                0  0  0   2  0   0  2  3  0  0  0/0    17:42   0:23   2:51 
Drew Stafford            0  1  1  -1  0   3  1  0  1  0  0/0    12:03   0:00   0:11 
Frans Nielsen            1  0  1   1  0   1  1  1  0  0  1/9     9:07   0:00   2:34 
Jake Gardiner            0  1  1   2  2   0  2  4  0  1  0/0    21:37   6:12   0:43 
Jason Akeson             0  0  0   1  0   1  1  0  0  0  0/0     6:56   0:00   0:00 
Justin Schultz           0  0  0   0  0   0  2  1  0  0  0/0    16:19   5:32   0:00 
Linus Omark              0  0  0   1  0   0  2  0  0  1  0/0     6:47   0:12   0:00 
Loui Eriksson            1  0  1  -1  0   4  0  0  0  0  0/0    12:23   0:00   0:31 
Nicklas Backstrom        0  0  0  -1  2   4  2  0  1  0  21/36  21:08   6:41   1:12 
Sergei Shirokov          0  0  0   1  0   1  4  0  1  0  0/0    17:22   6:20   0:00 
Taylor Hall              0  0  0  -1  0   3  1  0  1  0  1/2    21:08   6:41   0:48 
Tomas Plekanec           0  2  2  -1  0   3  0  1  1  0  5/7    12:13   0:02   0:17 
Travis Zajac             0  1  1   1  2   0  5  1  0  1  4/11   17:47   5:02   0:11 

3 Stars

1 - Alex Goligoski (Van)
2 - Ryan Hollweg (Van)
3 - Nik Antropov (Van)

Power Play

Canucks - 2 on 4 Attempt(s) - 50.00%
Blues - 0 on 7 Attempt(s) - 0.00%

Penalty Kill

Canucks - 7 on 7 Attempt(s) - 100.00% - Score 0 goal in Penalty Kill
Blues - 2 on 4 Attempt(s) - 50.00% - Score 0 goal in Penalty Kill

Team Stat

Canucks - Hits : 18 - Faceoff Wins : 33 - Blocked Shots : 8 - Penalty Minutes : 14
Blues - Hits : 27 - Faceoff Wins : 32 - Blocked Shots : 17 - Penalty Minutes : 8

Official

Referees : Walsh Ian and Sutherland Kelly
Linesman : Tim Nowak and Derek Nansen

Game Notes

No Game Note

Finance

Level 1 -- Attendance: 5318 (88.63%) -- Ticket Income $473,302
Level 2 -- Attendance: 4468 (89.36%) -- Ticket Income $254,676
Level 3 -- Attendance: 2000 (100.00%) -- Ticket Income $70,000
Level 4 -- Attendance: 3711 (92.78%) -- Ticket Income $89,064
Luxury Box -- Attendance: 694 (69.40%) -- Ticket Income $120,756
Game was played at the Scotttrade center.
Total Attendance: 16191 (89.95%)
Total Ticket Income: $1,007,798
Other Income: $151,170
Total Income: $1,158,968

Canucks

5 vs 5 Forward 
   Center                   Left Wing                Right Wing               Time % Phy DF OF 
 1 Mike Ribeiro             Milan Michalek           Maxim Afinogenov         40     1   2  2  
 2 Matt Stajan              Clarke MacArthur         Jiri Hudler              30     1   2  2  
 3 Nik Antropov             Ryan Hollweg             Rene Bourque             20     1   2  2  
 4 Maxim Lapierre           Patrik Elias             Nikolai Zherdev          10     1   2  2  

5 vs 5 Defense 
   Defense                  Defense                                           Time % Phy DF OF 
 1 Alex Goligoski           Ben Lovejoy                                       40     1   2  2  
 2 Tom Poti                 Jamie McBain                                      30     1   2  2  
 3 Lasse Kukkonen           Sami Lepisto                                      20     1   2  2  
 4 Alex Goligoski           Ben Lovejoy                                       10     1   2  2  

PowerPlay Forward 
   Center                   Left Wing                Right Wing               Time % Phy DF OF 
 1 Mike Ribeiro             Milan Michalek           Jiri Hudler              60     1   2  2  
 2 Matt Stajan              Clarke MacArthur         Maxim Afinogenov         40     1   2  2  

PowerPlay Defense
   Defense                  Defense                                           Time % Phy DF OF 
 1 Alex Goligoski           Ben Lovejoy                                       60     1   2  2  
 2 Lasse Kukkonen           Jamie McBain                                      40     1   2  2  

Penalty Kill 4 Players Forward 
   Center                   Wing                     Time % Phy DF OF 
 1 Mike Ribeiro             Matt Stajan              60     1   2  2  
 2 Nik Antropov             Milan Michalek           40     1   2  2  

Penalty Kill 4 Players Defense
   Defense                  Defense                  Time % Phy DF OF 
 1 Alex Goligoski           Ben Lovejoy              60     1   2  2  
 2 Lasse Kukkonen           Jamie McBain             40     1   2  2  

Penalty Kill - 3 Players Forward 
   Forward                                           Time % Phy DF OF 
 1 Mike Ribeiro                                      60     1   2  2  
 2 Matt Stajan                                       40     1   2  2  

Penalty Kill - 3 Players Defense
   Defense                  Defense                  Time % Phy DF OF 
 1 Alex Goligoski           Ben Lovejoy              60     1   2  2  
 2 Lasse Kukkonen           Jamie McBain             40     1   2  2  

4 vs 4 Forward 
   Center                   Wing                     Time % Phy DF OF 
 1 Mike Ribeiro             Matt Stajan              60     1   2  2  
 2 Nik Antropov             Milan Michalek           40     1   2  2  

4 vs 4 Defense
   Defense                  Defense                  Time % Phy DF OF 
 1 Alex Goligoski           Ben Lovejoy              60     1   2  2  
 2 Lasse Kukkonen           Jamie McBain             40     1   2  2  

Last Minutes Offensive
   Center                   Left Wing                Right Wing               Defense                  Defense                  
   Mike Ribeiro             Milan Michalek           Jiri Hudler              Alex Goligoski           Ben Lovejoy              

Last Minutes Defensive
   Center                   Left Wing                Right Wing               Defense                  Defense                  
   Mike Ribeiro             Milan Michalek           Jiri Hudler              Alex Goligoski           Ben Lovejoy              

Goaltenders
Starting : Carey Price              
Backup : Karri Ramo               

Extra Forwards
Normal : Maxim Lapierre, Ryan Hollweg, Patrik Elias - PP : Maxim Lapierre, Ryan Hollweg - PK : Patrik Elias
Extra Defensemen
Normal : Tom Poti, Sami Lepisto, Lasse Kukkonen - PP : Tom Poti - PK : Sami Lepisto, Lasse Kukkonen
Penalty Shots
Mike Ribeiro, Matt Stajan, Nik Antropov, Milan Michalek, Clarke MacArthur

Scratches
None

Blues

5 vs 5 Forward 
   Center                   Left Wing                Right Wing               Time % Phy DF OF 
 1 Nicklas Backstrom        Taylor Hall              Blake Wheeler            40     1   2  2  
 2 Travis Zajac             David Perron             Sergei Shirokov          30     1   2  2  
 3 Tomas Plekanec           Loui Eriksson            Drew Stafford            20     1   2  2  
 4 Frans Nielsen            Linus Omark              Jason Akeson             10     1   2  2  

5 vs 5 Defense 
   Defense                  Defense                                           Time % Phy DF OF 
 1 Alex Pietrangelo         Bryce Lampman                                     40     1   2  2  
 2 Jake Gardiner            Drew Fata                                         30     1   2  2  
 3 Justin Schultz           Cody Franson                                      20     1   2  2  
 4 Alex Pietrangelo         Drew Fata                                         10     1   2  2  

PowerPlay Forward 
   Center                   Left Wing                Right Wing               Time % Phy DF OF 
 1 Nicklas Backstrom        Taylor Hall              Sergei Shirokov          60     1   2  2  
 2 Travis Zajac             David Perron             Blake Wheeler            40     1   2  2  

PowerPlay Defense
   Defense                  Defense                                           Time % Phy DF OF 
 1 Jake Gardiner            Alex Pietrangelo                                  60     1   2  2  
 2 Cody Franson             Justin Schultz                                    40     1   2  2  

Penalty Kill 4 Players Forward 
   Center                   Wing                     Time % Phy DF OF 
 1 Frans Nielsen            Blake Wheeler            60     1   2  2  
 2 Travis Zajac             Drew Stafford            40     1   2  2  

Penalty Kill 4 Players Defense
   Defense                  Defense                  Time % Phy DF OF 
 1 Drew Fata                Bryce Lampman            60     1   2  2  
 2 Cody Franson             Jake Gardiner            40     1   2  2  

Penalty Kill - 3 Players Forward 
   Forward                                           Time % Phy DF OF 
 1 Blake Wheeler                                     60     1   2  2  
 2 Frans Nielsen                                     40     1   2  2  

Penalty Kill - 3 Players Defense
   Defense                  Defense                  Time % Phy DF OF 
 1 Bryce Lampman            Drew Fata                60     1   2  2  
 2 Alex Pietrangelo         Jake Gardiner            40     1   2  2  

4 vs 4 Forward 
   Center                   Wing                     Time % Phy DF OF 
 1 Travis Zajac             David Perron             60     1   2  2  
 2 Nicklas Backstrom        Taylor Hall              40     1   2  2  

4 vs 4 Defense
   Defense                  Defense                  Time % Phy DF OF 
 1 Bryce Lampman            Alex Pietrangelo         60     1   2  2  
 2 Drew Fata                Jake Gardiner            40     1   2  2  

Last Minutes Offensive
   Center                   Left Wing                Right Wing               Defense                  Defense                  
   Nicklas Backstrom        Taylor Hall              Sergei Shirokov          Jake Gardiner            Alex Pietrangelo         

Last Minutes Defensive
   Center                   Left Wing                Right Wing               Defense                  Defense                  
   Frans Nielsen            Loui Eriksson            Blake Wheeler            Bryce Lampman            Drew Fata                

Goaltenders
Starting : Tuukka Rask              
Backup : Ray Emery                

Extra Forwards
Normal : Travis Zajac, Jason Akeson, David Perron - PP : Linus Omark, Tomas Plekanec - PK : Nicklas Backstrom
Extra Defensemen
Normal : Jake Gardiner, Cody Franson, Drew Fata - PP : Justin Schultz - PK : Alex Pietrangelo, Justin Schultz
Penalty Shots
David Perron, Loui Eriksson, Nicklas Backstrom, Sergei Shirokov, Travis Zajac

Scratches
Jamie Langenbrunner (Severed Right Wrist Tendon Injury), Tuomo Ruutu (Healthy)

% Time on Ice - Canucks

Lines # - Real PCT - Wanted PCT - Time Play
Normal Forward
1 - 34% - 40% - 14:33
2 - 28% - 30% - 11:53
3 - 23% - 20% - 10:02
4 - 15% - 10% - 6:14
Normal Defense
1 - 46% - 40% - 19:29
2 - 33% - 30% - 14:00
3 - 19% - 20% - 8:00
4 - 3% - 10% - 1:13
PP Forward
1 - 67% - 60% - 2:24
2 - 33% - 40% - 1:10
PP Defense
1 - 68% - 60% - 2:25
2 - 32% - 40% - 1:09
PK Forward
1 - 69% - 60% - 8:04
2 - 31% - 40% - 3:41
PK Defense
1 - 54% - 60% - 6:24
2 - 46% - 40% - 5:21
PK3 Forward
1 - 100% - 60% - 0:09
2 - 0% - 40% - 0:00
PK3 Defense
1 - 100% - 60% - 0:09
2 - 0% - 40% - 0:00
44 Forward
1 - 83% - 60% - 1:31
2 - 17% - 40% - 0:19
44 Defense
1 - 95% - 60% - 1:45
2 - 5% - 40% - 0:05
Last Minute Offensive  - 0:00
Last Minute Defensive  - 0:00
Total
Forward - 60:00
Defense - 60:00

% Time on Ice - Blues

Lines # - Real PCT - Wanted PCT - Time Play
Normal Forward
1 - 28% - 40% - 12:04
2 - 29% - 30% - 12:13
3 - 28% - 20% - 11:52
4 - 15% - 10% - 6:33
Normal Defense
1 - 43% - 40% - 18:13
2 - 32% - 30% - 13:40
3 - 24% - 20% - 10:27
4 - 1% - 10% - 0:22
PP Forward
1 - 54% - 60% - 6:20
2 - 46% - 40% - 5:25
PP Defense
1 - 50% - 60% - 5:50
2 - 50% - 40% - 5:55
PK Forward
1 - 95% - 60% - 3:23
2 - 5% - 40% - 0:11
PK Defense
1 - 80% - 60% - 2:51
2 - 20% - 40% - 0:43
PK3 Forward
1 - 0% - 60%
2 - 0% - 40%
PK3 Defense
1 - 0% - 60%
2 - 0% - 40%
44 Forward
1 - 73% - 60% - 1:27
2 - 27% - 40% - 0:32
44 Defense
1 - 52% - 60% - 1:02
2 - 48% - 40% - 0:57
Last Minute Offensive  - 0:00
Last Minute Defensive  - 0:00
Total
Forward - 60:00
Defense - 60:00

Play by Play

1st period


0:01 of 1st period - Mike Ribeiro wins face-off versus Nicklas Backstrom in neutral zone.
0:04 of 1st period - Bryce Lampman is hit by Ben Lovejoy and loses puck.
0:17 of 1st period - Slapshot by Alex Pietrangelo.
0:17 of 1st period - Stopped by Carey Price with a rebound.
0:27 of 1st period - Bryce Lampman is hit by Jiri Hudler and loses puck.
0:54 of 1st period - Off-side.
0:55 of 1st period - Maxim Lapierre wins face-off versus Tomas Plekanec in neutral zone.
1:18 of 1st period - Wrist shot by Loui Eriksson.
1:18 of 1st period - Deflect By Tomas Plekanec.
1:18 of 1st period - Shot Blocked by Nikolai Zherdev.
1:18 of 1st period - Puck is out of play.
1:19 of 1st period - Nicklas Backstrom wins face-off versus Mike Ribeiro in Canucks zone.
2:13 of 1st period - Off-side.
2:14 of 1st period - Milan Michalek wins face-off versus Travis Zajac in neutral zone.
2:37 of 1st period - Minor Penalty to Maxim Afinogenov for Hooking.
2:38 of 1st period - Mike Ribeiro wins face-off versus Nicklas Backstrom in Canucks zone.
3:14 of 1st period - Snap shot by Blake Wheeler.
3:14 of 1st period - Stopped by Carey Price without a rebound.
3:15 of 1st period - Nicklas Backstrom wins face-off versus Mike Ribeiro in Canucks zone.
3:50 of 1st period - Wrist shot by Alex Pietrangelo.
3:50 of 1st period - Stopped by Carey Price with a rebound.
3:52 of 1st period - Wrist shot by Alex Pietrangelo.
3:52 of 1st period - Stopped by Carey Price without a rebound.
3:53 of 1st period - Milan Michalek wins face-off versus Travis Zajac in Canucks zone.
3:53 of 1st period - Milan Michalek is hit by Travis Zajac.
4:04 of 1st period - Minor Penalty to Jake Gardiner for Tripping.
4:05 of 1st period - Travis Zajac wins face-off versus Matt Stajan in Blues zone.
4:09 of 1st period - Snap shot by Matt Stajan.
4:09 of 1st period - Shot Misses the Net.
4:27 of 1st period - Minor Penalty to Mike Ribeiro for Interference.
4:28 of 1st period - Travis Zajac wins face-off versus Patrik Elias in Canucks zone.
4:37 of 1st period - Penalty to Maxim Afinogenov is over, Maxim Afinogenov is back on ice.
5:15 of 1st period - Wrist shot by Maxim Afinogenov.
5:15 of 1st period - Deflect By Matt Stajan.
5:15 of 1st period - Stopped by Tuukka Rask with a rebound.
5:17 of 1st period - Snap shot by Matt Stajan.
5:17 of 1st period - Shot Misses the Net.
5:19 of 1st period - Snap shot by Maxim Lapierre.
5:19 of 1st period - Stopped by Tuukka Rask with a rebound.
5:35 of 1st period - Snap shot by Taylor Hall.
5:35 of 1st period - Stopped by Carey Price with a rebound.
6:04 of 1st period - Penalty to Jake Gardiner is over, Jake Gardiner is back on ice.
6:27 of 1st period - Penalty to Mike Ribeiro is over, Mike Ribeiro is back on ice.
6:28 of 1st period - Wrist shot by Nicklas Backstrom.
6:28 of 1st period - Stopped by Carey Price with a rebound.
6:46 of 1st period - Wrist shot by Jake Gardiner.
6:46 of 1st period - Shot Misses the Net.
7:08 of 1st period - Snap shot by Nicklas Backstrom.
7:08 of 1st period - Stopped by Carey Price without a rebound.
7:09 of 1st period - Tomas Plekanec wins face-off versus Rene Bourque in Canucks zone.
7:19 of 1st period - Wrist shot by Drew Stafford.
7:19 of 1st period - Stopped by Carey Price with a rebound.
7:41 of 1st period - Snap shot by Mike Ribeiro.
7:41 of 1st period - Stopped by Tuukka Rask with a rebound.
8:51 of 1st period - Matt Stajan is hit by Frans Nielsen.
9:29 of 1st period - Snap shot by Maxim Afinogenov.
9:29 of 1st period - Shot Misses the Net.
9:45 of 1st period - Minor Penalty to Clarke MacArthur for Hooking.
9:46 of 1st period - Mike Ribeiro wins face-off versus Nicklas Backstrom in Canucks zone.
9:46 of 1st period - Mike Ribeiro is hit by Taylor Hall.
11:45 of 1st period - Penalty to Clarke MacArthur is over, Clarke MacArthur is back on ice.
12:03 of 1st period - Drew Stafford is hit by Jamie McBain and loses puck.
14:00 of 1st period - Patrik Elias is hit by Bryce Lampman and loses puck.
14:16 of 1st period - Jake Gardiner is hit by Nik Antropov and loses puck.
14:33 of 1st period - Snap shot by Matt Stajan.
14:33 of 1st period - Shot Misses the Net.
14:35 of 1st period - Slapshot by Lasse Kukkonen.
14:35 of 1st period - Stopped by Tuukka Rask with a rebound.
14:37 of 1st period - Slapshot by Jiri Hudler.
14:37 of 1st period - Shot Misses the Net.
15:05 of 1st period - Mike Ribeiro is hit by Justin Schultz and loses puck.
15:31 of 1st period - Linus Omark is hit by Ben Lovejoy and loses puck.
15:36 of 1st period - Wrist shot by Clarke MacArthur.
15:36 of 1st period - Shot Blocked by Frans Nielsen.
15:38 of 1st period - Backhand shot by Jamie McBain.
15:38 of 1st period - Shot Blocked by Jake Gardiner.
15:40 of 1st period - Snap shot by Clarke MacArthur.
15:40 of 1st period - Stopped by Tuukka Rask with a rebound.
15:54 of 1st period - Loui Eriksson is hit by Ryan Hollweg.
16:10 of 1st period - Nik Antropov is hit by Drew Stafford and loses puck.
16:15 of 1st period - Snap shot by Tomas Plekanec.
16:15 of 1st period - Shot Misses the Net.
16:17 of 1st period - Slapshot by Bryce Lampman.
16:17 of 1st period - Deflect By Tomas Plekanec.
16:17 of 1st period - Shot Misses the Net.
16:17 of 1st period - Puck is out of play.
16:18 of 1st period - Nicklas Backstrom wins face-off versus Mike Ribeiro in Canucks zone.
16:23 of 1st period - Slapshot by Alex Pietrangelo.
16:23 of 1st period - Stopped by Carey Price without a rebound.
16:24 of 1st period - Nicklas Backstrom wins face-off versus Mike Ribeiro in Canucks zone.
16:25 of 1st period - Slapshot by Alex Pietrangelo.
16:25 of 1st period - Stopped by Carey Price with a rebound.
16:27 of 1st period - Minor Penalty to Mike Ribeiro for Tripping.
16:28 of 1st period - Nicklas Backstrom wins face-off versus Patrik Elias in Canucks zone.
16:31 of 1st period - Slapshot by Alex Pietrangelo.
16:31 of 1st period - Shot Blocked by Alex Goligoski.
16:33 of 1st period - Slapshot by Sergei Shirokov.
16:33 of 1st period - Stopped by Carey Price without a rebound.
16:34 of 1st period - Nicklas Backstrom wins face-off versus Patrik Elias in Canucks zone.
16:39 of 1st period - Wrist shot by Nicklas Backstrom.
16:39 of 1st period - Deflect By Sergei Shirokov.
16:39 of 1st period - Shot Blocked by Ben Lovejoy.
16:39 of 1st period - Puck is out of play.
16:40 of 1st period - Nicklas Backstrom wins face-off versus Patrik Elias in Canucks zone.
17:53 of 1st period - Wrist shot by Clarke MacArthur.
17:53 of 1st period - Stopped by Tuukka Rask with a rebound.
18:27 of 1st period - Penalty to Mike Ribeiro is over, Mike Ribeiro is back on ice.
18:46 of 1st period - Justin Schultz is hit by Ryan Hollweg.
19:08 of 1st period - Tom Poti is hit by Jason Akeson and loses puck.
19:44 of 1st period - Off-side.
19:45 of 1st period - Nicklas Backstrom wins face-off versus Mike Ribeiro in neutral zone.
Goals for this period are 0 for Canucks vs 0 for Blues.
Shots for this period are 6 for Canucks vs 11 for Blues.

2nd period


0:01 of 2nd period - Nicklas Backstrom wins face-off versus Mike Ribeiro in neutral zone.
0:15 of 2nd period - Minor Penalty to Milan Michalek for Hooking.
0:16 of 2nd period - Mike Ribeiro wins face-off versus Taylor Hall in Canucks zone.
0:24 of 2nd period - Matt Stajan is hit by Sergei Shirokov and loses puck.
0:29 of 2nd period - Slapshot by Alex Pietrangelo.
0:29 of 2nd period - Deflect By Nicklas Backstrom.
0:29 of 2nd period - Stopped by Carey Price without a rebound.
0:30 of 2nd period - Mike Ribeiro wins face-off versus Nicklas Backstrom in Canucks zone.
0:39 of 2nd period - Alex Pietrangelo is hit by Alex Goligoski.
0:43 of 2nd period - Slapshot by Alex Pietrangelo.
0:43 of 2nd period - Shot Misses the Net.
1:01 of 2nd period - Wrist shot by David Perron.
1:01 of 2nd period - Stopped by Carey Price without a rebound.
1:02 of 2nd period - Travis Zajac wins face-off versus Mike Ribeiro in Canucks zone.
1:41 of 2nd period - Lasse Kukkonen is hit by Sergei Shirokov and loses puck.
2:15 of 2nd period - Penalty to Milan Michalek is over, Milan Michalek is back on ice.
2:28 of 2nd period - Slapshot by Tomas Plekanec.
2:28 of 2nd period - Shot Blocked by Ben Lovejoy.
2:32 of 2nd period - Snap shot by Loui Eriksson.
2:32 of 2nd period - Shot Misses the Net.
2:34 of 2nd period - Slapshot by Alex Pietrangelo.
2:34 of 2nd period - Shot Misses the Net.
2:36 of 2nd period - Wrist shot by Tomas Plekanec.
2:36 of 2nd period - Stopped by Carey Price with a rebound.
2:49 of 2nd period - Alex Goligoski is hit by Linus Omark and loses puck.
3:07 of 2nd period - Tom Poti is hit by Justin Schultz and loses puck.
3:51 of 2nd period - Snap shot by Nicklas Backstrom.
3:51 of 2nd period - Deflect By Taylor Hall.
3:51 of 2nd period - Shot Misses the Net.
3:51 of 2nd period - Puck is out of play.
3:52 of 2nd period - Nicklas Backstrom wins face-off versus Mike Ribeiro in Canucks zone.
4:18 of 2nd period - Rene Bourque is hit by David Perron and loses puck.
4:27 of 2nd period - Wrist shot by David Perron.
4:27 of 2nd period - Shot Blocked by Alex Goligoski.
4:29 of 2nd period - Slapshot by Bryce Lampman.
4:29 of 2nd period - Stopped by Carey Price with a rebound.
5:48 of 2nd period - Drew Fata is hit by Nik Antropov and loses puck.
6:11 of 2nd period - Drew Stafford is hit by Matt Stajan and loses puck.
6:22 of 2nd period - Tomas Plekanec is hit by Patrik Elias and loses puck.
7:22 of 2nd period - Travis Zajac is hit by Alex Goligoski and loses puck.
7:33 of 2nd period - Tom Poti is hit by Drew Fata and loses puck.
7:54 of 2nd period - Snap shot by Taylor Hall.
7:54 of 2nd period - Stopped by Carey Price without a rebound.
7:55 of 2nd period - Milan Michalek wins face-off versus Nicklas Backstrom in Canucks zone.
8:46 of 2nd period - Icing by Matt Stajan.
8:47 of 2nd period - Matt Stajan wins face-off versus Tomas Plekanec in Canucks zone.
9:02 of 2nd period - Bryce Lampman is hit by Jiri Hudler and loses puck.
9:17 of 2nd period - Clarke MacArthur is hit by Alex Pietrangelo and loses puck.
9:32 of 2nd period - Snap shot by Loui Eriksson.
9:32 of 2nd period - Shot Misses the Net.
9:54 of 2nd period - Wrist shot by Loui Eriksson.
9:54 of 2nd period - Shot Misses the Net.
9:56 of 2nd period - Snap shot by Tomas Plekanec.
9:56 of 2nd period - Stopped by Carey Price with a rebound.
9:58 of 2nd period - Slapshot by Bryce Lampman.
9:58 of 2nd period - Shot Misses the Net.
10:00 of 2nd period - Snap shot by Tomas Plekanec.
10:00 of 2nd period - Shot Misses the Net.
10:21 of 2nd period - Slapshot by Alex Pietrangelo.
10:21 of 2nd period - Shot Misses the Net.
10:29 of 2nd period - Snap shot by Tomas Plekanec.
10:29 of 2nd period - Stopped by Carey Price with a rebound.
10:31 of 2nd period - Slapshot by Alex Pietrangelo.
10:31 of 2nd period - Stopped by Carey Price without a rebound.
10:32 of 2nd period - Mike Ribeiro wins face-off versus Nicklas Backstrom in Canucks zone.
10:39 of 2nd period - Slapshot by Jamie McBain.
10:39 of 2nd period - Deflect By Milan Michalek.
10:39 of 2nd period - Shot Misses the Net.
10:39 of 2nd period - Puck is out of play.
10:40 of 2nd period - Mike Ribeiro wins face-off versus Nicklas Backstrom in Blues zone.
10:40 of 2nd period - Jamie McBain is hit by Drew Fata.
10:44 of 2nd period - Wrist shot by Milan Michalek.
10:44 of 2nd period - Stopped by Tuukka Rask without a rebound.
10:45 of 2nd period - Mike Ribeiro wins face-off versus Nicklas Backstrom in Blues zone.
10:54 of 2nd period - Jamie McBain is hit by Jake Gardiner and loses puck.
12:19 of 2nd period - Slapshot by Sami Lepisto.
12:19 of 2nd period - Stopped by Tuukka Rask with a rebound.
12:44 of 2nd period - Patrik Elias is hit by Travis Zajac and loses puck.
13:01 of 2nd period - Slapshot by Ben Lovejoy.
13:01 of 2nd period - Stopped by Tuukka Rask without a rebound.
13:02 of 2nd period - Tomas Plekanec wins face-off versus Mike Ribeiro in Blues zone.
13:15 of 2nd period - Wrist shot by Tomas Plekanec.
13:15 of 2nd period - Deflect By Drew Stafford.
13:15 of 2nd period - Stopped by Carey Price with a rebound.
13:17 of 2nd period - Snap shot by Drew Stafford.
13:17 of 2nd period - Stopped by Carey Price with a rebound.
13:19 of 2nd period - Backhand shot by Loui Eriksson.
13:19 of 2nd period - Goal by Loui Eriksson - Canucks : 0 - Blues : 1.
13:20 of 2nd period - Mike Ribeiro wins face-off versus Nicklas Backstrom in neutral zone.
13:27 of 2nd period - Wrist shot by Ben Lovejoy.
13:27 of 2nd period - Shot Blocked by Alex Pietrangelo.
13:30 of 2nd period - Minor Penalty to Blake Wheeler for Elbowing.
13:31 of 2nd period - Mike Ribeiro wins face-off versus Frans Nielsen in Blues zone.
13:42 of 2nd period - Snap shot by Alex Goligoski.
13:42 of 2nd period - Shot Misses the Net.
13:46 of 2nd period - Snap shot by Alex Goligoski.
13:46 of 2nd period - Stopped by Tuukka Rask with a rebound.
13:48 of 2nd period - Snap shot by Mike Ribeiro.
13:48 of 2nd period - Stopped by Tuukka Rask without a rebound.
13:49 of 2nd period - Matt Stajan wins face-off versus Frans Nielsen in Blues zone.
14:20 of 2nd period - Slapshot by Alex Goligoski.
14:20 of 2nd period - Shot Misses the Net.
15:30 of 2nd period - Penalty to Blake Wheeler is over, Blake Wheeler is back on ice.
15:36 of 2nd period - Drew Fata is hit by Ben Lovejoy and loses puck.
15:53 of 2nd period - Slapshot by Nik Antropov.
15:53 of 2nd period - Goal by Nik Antropov - Canucks : 1 - Blues : 1.
15:54 of 2nd period - Nicklas Backstrom wins face-off versus Rene Bourque in neutral zone.
15:57 of 2nd period - Slapshot by Cody Franson.
15:57 of 2nd period - Stopped by Carey Price with a rebound.
15:59 of 2nd period - Slapshot by Cody Franson.
15:59 of 2nd period - Shot Misses the Net.
16:20 of 2nd period - Mike Ribeiro is hit by Travis Zajac.
16:49 of 2nd period - Alex Pietrangelo is hit by Alex Goligoski and loses puck.
18:00 of 2nd period - Ben Lovejoy is hit by Cody Franson and loses puck.
18:37 of 2nd period - Snap shot by Jason Akeson.
18:37 of 2nd period - Stopped by Carey Price with a rebound.
18:54 of 2nd period - Icing by Ryan Hollweg.
18:55 of 2nd period - Nik Antropov wins face-off versus Travis Zajac in Canucks zone.
18:55 of 2nd period - Nik Antropov is hit by Travis Zajac.
19:32 of 2nd period - Minor Penalty to Travis Zajac for Hooking.
19:33 of 2nd period - Frans Nielsen wins face-off versus Mike Ribeiro in Blues zone.
19:45 of 2nd period - Wrist shot by Jamie McBain.
19:45 of 2nd period - Deflect By Mike Ribeiro.
19:45 of 2nd period - Shot Blocked by Bryce Lampman.
19:45 of 2nd period - Puck is out of play.
19:46 of 2nd period - Milan Michalek wins face-off versus Frans Nielsen in Blues zone.
Goals for this period are 1 for Canucks vs 1 for Blues.
Shots for this period are 6 for Canucks vs 13 for Blues.

3rd period


0:01 of 3rd period - Mike Ribeiro wins face-off versus Frans Nielsen in neutral zone.
0:14 of 3rd period - Snap shot by Jiri Hudler.
0:14 of 3rd period - Deflect By Milan Michalek.
0:14 of 3rd period - Deflect By Frans Nielsen.
0:14 of 3rd period - Shot Misses the Net.
0:14 of 3rd period - Puck is out of play.
0:15 of 3rd period - Milan Michalek wins face-off versus Frans Nielsen in Blues zone.
0:16 of 3rd period - Snap shot by Alex Goligoski.
0:16 of 3rd period - Shot Misses the Net.
0:18 of 3rd period - Slapshot by Alex Goligoski.
0:18 of 3rd period - Stopped by Tuukka Rask without a rebound.
0:19 of 3rd period - Mike Ribeiro wins face-off versus Frans Nielsen in Blues zone.
0:26 of 3rd period - Slapshot by Alex Goligoski.
0:26 of 3rd period - Goal by Alex Goligoski - Canucks : 2 - Blues : 1.
0:27 of 3rd period - Mike Ribeiro wins face-off versus Nicklas Backstrom in neutral zone.
1:21 of 3rd period - Off-side.
1:22 of 3rd period - Nicklas Backstrom wins face-off versus Mike Ribeiro in neutral zone.
1:29 of 3rd period - Snap shot by Taylor Hall.
1:29 of 3rd period - Shot Misses the Net.
1:31 of 3rd period - Backhand shot by Jake Gardiner.
1:31 of 3rd period - Shot Misses the Net.
2:00 of 3rd period - Jiri Hudler is hit by Jake Gardiner and loses puck.
2:11 of 3rd period - Snap shot by Nik Antropov.
2:11 of 3rd period - Shot Misses the Net.
2:56 of 3rd period - Nikolai Zherdev is hit by Linus Omark and loses puck.
3:17 of 3rd period - Snap shot by Alex Goligoski.
3:17 of 3rd period - Shot Blocked by Travis Zajac.
3:59 of 3rd period - Slapshot by Alex Goligoski.
3:59 of 3rd period - Shot Blocked by Drew Fata.
4:01 of 3rd period - Wrist shot by Alex Goligoski.
4:01 of 3rd period - Shot Blocked by Jake Gardiner.
4:03 of 3rd period - Snap shot by Clarke MacArthur.
4:03 of 3rd period - Shot Blocked by Jake Gardiner.
4:05 of 3rd period - Wrist shot by Matt Stajan.
4:05 of 3rd period - Shot Misses the Net.
4:07 of 3rd period - Wrist shot by Matt Stajan.
4:07 of 3rd period - Shot Misses the Net.
4:09 of 3rd period - Wrist shot by Ben Lovejoy.
4:09 of 3rd period - Shot Misses the Net.
4:23 of 3rd period - Snap shot by Frans Nielsen.
4:23 of 3rd period - Goal by Frans Nielsen - Canucks : 2 - Blues : 2.
4:24 of 3rd period - Nicklas Backstrom wins face-off versus Maxim Afinogenov in neutral zone.
4:51 of 3rd period - Matt Stajan is hit by Travis Zajac and loses puck.
5:00 of 3rd period - Snap shot by David Perron.
5:00 of 3rd period - Goal by David Perron - Canucks : 2 - Blues : 3.
5:01 of 3rd period - Nicklas Backstrom wins face-off versus Mike Ribeiro in neutral zone.
5:04 of 3rd period - Snap shot by Alex Pietrangelo.
5:04 of 3rd period - Deflect By Taylor Hall.
5:04 of 3rd period - Stopped by Carey Price with a rebound.
5:06 of 3rd period - Slapshot by Bryce Lampman.
5:06 of 3rd period - Stopped by Carey Price without a rebound.
5:07 of 3rd period - Nicklas Backstrom wins face-off versus Mike Ribeiro in Canucks zone.
6:22 of 3rd period - Slapshot by Maxim Afinogenov.
6:22 of 3rd period - Shot Misses the Net.
6:24 of 3rd period - Slapshot by Alex Goligoski.
6:24 of 3rd period - Shot Blocked by Jake Gardiner.
6:26 of 3rd period - Wrist shot by Milan Michalek.
6:26 of 3rd period - Stopped by Tuukka Rask without a rebound.
6:27 of 3rd period - Matt Stajan wins face-off versus Nicklas Backstrom in Blues zone.
6:30 of 3rd period - Snap shot by Clarke MacArthur.
6:30 of 3rd period - Shot Blocked by Justin Schultz.
6:36 of 3rd period - Clarke MacArthur is hit by Nicklas Backstrom and loses puck.
7:18 of 3rd period - Snap shot by Nik Antropov.
7:18 of 3rd period - Shot Blocked by Tomas Plekanec.
7:20 of 3rd period - Wrist shot by Ryan Hollweg.
7:20 of 3rd period - Shot Misses the Net.
7:22 of 3rd period - Slapshot by Ryan Hollweg.
7:22 of 3rd period - Deflect By Rene Bourque.
7:22 of 3rd period - Shot Blocked by Bryce Lampman.
7:22 of 3rd period - Puck is out of play.
7:23 of 3rd period - Nicklas Backstrom wins face-off versus Matt Stajan in Blues zone.
7:38 of 3rd period - Slapshot by Lasse Kukkonen.
7:38 of 3rd period - Stopped by Tuukka Rask without a rebound.
7:39 of 3rd period - Milan Michalek wins face-off versus Nicklas Backstrom in Blues zone.
7:48 of 3rd period - Slapshot by Alex Goligoski.
7:48 of 3rd period - Stopped by Tuukka Rask without a rebound.
7:49 of 3rd period - Mike Ribeiro wins face-off versus Nicklas Backstrom in Blues zone.
7:50 of 3rd period - Wrist shot by Maxim Afinogenov.
7:50 of 3rd period - Shot Misses the Net.
8:00 of 3rd period - Snap shot by Taylor Hall.
8:00 of 3rd period - Shot Blocked by Mike Ribeiro.
8:10 of 3rd period - Snap shot by Alex Goligoski.
8:10 of 3rd period - Goal by Alex Goligoski - Canucks : 3 - Blues : 3.
8:11 of 3rd period - Nicklas Backstrom wins face-off versus Mike Ribeiro in neutral zone.
8:13 of 3rd period - Minor Penalty to Nicklas Backstrom for High sticking.
8:14 of 3rd period - Mike Ribeiro wins face-off versus Frans Nielsen in Blues zone.
8:44 of 3rd period - Slapshot by Alex Goligoski.
8:44 of 3rd period - Shot Blocked by Bryce Lampman.
8:50 of 3rd period - Slapshot by Alex Goligoski.
8:50 of 3rd period - Stopped by Tuukka Rask with a rebound.
8:52 of 3rd period - Snap shot by Clarke MacArthur.
8:52 of 3rd period - Deflect By Maxim Afinogenov.
8:52 of 3rd period - Shot Misses the Net.
8:52 of 3rd period - Puck is out of play.
8:53 of 3rd period - Mike Ribeiro wins face-off versus Frans Nielsen in Blues zone.
8:54 of 3rd period - Snap shot by Jiri Hudler.
8:54 of 3rd period - Deflect By Mike Ribeiro.
8:54 of 3rd period - Goal by Mike Ribeiro - Canucks : 4 - Blues : 3.
8:55 of 3rd period - Nicklas Backstrom wins face-off versus Milan Michalek in neutral zone.
8:58 of 3rd period - Ben Lovejoy is hit by Nicklas Backstrom and loses puck.
9:55 of 3rd period - Slapshot by Clarke MacArthur.
9:55 of 3rd period - Stopped by Tuukka Rask without a rebound.
9:56 of 3rd period - Taylor Hall wins face-off versus Mike Ribeiro in Blues zone.
10:12 of 3rd period - Wrist shot by Mike Ribeiro.
10:12 of 3rd period - Shot Misses the Net.
10:48 of 3rd period - Wrist shot by Drew Stafford.
10:48 of 3rd period - Shot Misses the Net.
10:50 of 3rd period - Slapshot by Loui Eriksson.
10:50 of 3rd period - Stopped by Carey Price with a rebound.
10:55 of 3rd period - Minor Penalty to Ryan Hollweg for Hooking.
10:56 of 3rd period - Mike Ribeiro wins face-off versus Travis Zajac in Canucks zone.
11:20 of 3rd period - Alex Goligoski is hit by Sergei Shirokov and loses puck.
12:35 of 3rd period - Slapshot by Jamie McBain.
12:35 of 3rd period - Shot Blocked by Cody Franson.
12:55 of 3rd period - Penalty to Ryan Hollweg is over, Ryan Hollweg is back on ice.
12:59 of 3rd period - Wrist shot by Ryan Hollweg.
12:59 of 3rd period - Goal by Ryan Hollweg - Canucks : 5 - Blues : 3.
13:00 of 3rd period - Tomas Plekanec wins face-off versus Mike Ribeiro in neutral zone.
13:05 of 3rd period - Slapshot by Loui Eriksson.
13:05 of 3rd period - Stopped by Carey Price with a rebound.
13:11 of 3rd period - Loui Eriksson is hit by Milan Michalek and loses puck.
13:36 of 3rd period - Taylor Hall is hit by Matt Stajan and loses puck.
14:18 of 3rd period - Slapshot by Alex Goligoski.
14:18 of 3rd period - Stopped by Tuukka Rask with a rebound.
14:44 of 3rd period - Wrist shot by Tomas Plekanec.
14:44 of 3rd period - Deflect By Loui Eriksson.
14:44 of 3rd period - Shot Blocked by Ben Lovejoy.
14:44 of 3rd period - Puck is out of play.
14:45 of 3rd period - Nicklas Backstrom wins face-off versus Rene Bourque in Canucks zone.
15:07 of 3rd period - Icing by Jake Gardiner.
15:08 of 3rd period - Mike Ribeiro wins face-off versus Travis Zajac in Blues zone.
15:20 of 3rd period - Minor Penalty to Maxim Afinogenov for Hooking.
15:21 of 3rd period - Nicklas Backstrom wins face-off versus Mike Ribeiro in Canucks zone.
15:28 of 3rd period - Slapshot by Nicklas Backstrom.
15:28 of 3rd period - Shot Misses the Net.
15:30 of 3rd period - Slapshot by Jake Gardiner.
15:30 of 3rd period - Shot Misses the Net.
15:34 of 3rd period - Slapshot by Alex Pietrangelo.
15:34 of 3rd period - Stopped by Carey Price with a rebound.
15:36 of 3rd period - Snap shot by Nicklas Backstrom.
15:36 of 3rd period - Stopped by Carey Price without a rebound.
15:37 of 3rd period - Mike Ribeiro wins face-off versus Nicklas Backstrom in Canucks zone.
15:46 of 3rd period - Snap shot by Mike Ribeiro.
15:46 of 3rd period - Shot Blocked by Alex Pietrangelo.
16:53 of 3rd period - Icing by David Perron.
16:54 of 3rd period - Travis Zajac wins face-off versus Milan Michalek in Blues zone.
16:54 of 3rd period - Travis Zajac is hit by Alex Goligoski.
17:07 of 3rd period - Icing by Blake Wheeler.
17:08 of 3rd period - Matt Stajan wins face-off versus Travis Zajac in Blues zone.
17:11 of 3rd period - Wrist shot by Mike Ribeiro.
17:11 of 3rd period - Stopped by Tuukka Rask without a rebound.
17:12 of 3rd period - Mike Ribeiro wins face-off versus Nicklas Backstrom in Blues zone.
17:20 of 3rd period - Penalty to Maxim Afinogenov is over, Maxim Afinogenov is back on ice.
17:43 of 3rd period - Slapshot by Alex Pietrangelo.
17:43 of 3rd period - Shot Misses the Net.
17:45 of 3rd period - Snap shot by Loui Eriksson.
17:45 of 3rd period - Stopped by Carey Price without a rebound.
17:46 of 3rd period - Tomas Plekanec wins face-off versus Nik Antropov in Canucks zone.
17:52 of 3rd period - Off-side.
17:53 of 3rd period - Tomas Plekanec wins face-off versus Nik Antropov in neutral zone.
17:58 of 3rd period - Icing by Nik Antropov.
17:59 of 3rd period - Nicklas Backstrom wins face-off versus Nik Antropov in Canucks zone.
18:16 of 3rd period - Slapshot by Alex Pietrangelo.
18:16 of 3rd period - Shot Blocked by Jamie McBain.
18:51 of 3rd period - Icing by Travis Zajac.
18:52 of 3rd period - Maxim Lapierre wins face-off versus Travis Zajac in Blues zone.
19:03 of 3rd period - Nikolai Zherdev is hit by Sergei Shirokov and loses puck.
19:45 of 3rd period - Snap shot by Matt Stajan.
19:45 of 3rd period - Stopped by Tuukka Rask with a rebound.
19:47 of 3rd period - Slapshot by Sami Lepisto.
19:47 of 3rd period - Shot Blocked by Drew Fata.
19:49 of 3rd period - Wrist shot by Matt Stajan.
19:49 of 3rd period - Shot Blocked by Drew Fata.
Goals for this period are 4 for Canucks vs 2 for Blues.
Shots for this period are 13 for Canucks vs 9 for Blues.